 Dungeon Crawl Stone Soup version 0.23-a0-143-g1adec7b (webtiles) character file.

2508 mopl the Cleaver (level 9, -11/64 HPs)
             Began as a Formicid Monk on Sept 3, 2018.
             Mangled by Joseph
             ... wielding a +1 quarterstaff of pain
              (12 damage)
             ... on level 6 of the Dungeon.
             The game lasted 00:10:15 (7401 turns).

mopl the Cleaver (Formicid Monk)                    Turns: 7401, Time: 00:10:15

Health: -11/64     AC: 10    Str: 17 (19) XL:     9   Next: 83%
Magic:  9/9        EV:  7    Int: 13 (15) God:
Gold:   228        SH:  0    Dex: 12 (13) Spells: 8/8 levels left

rFire    . . .     SeeInvis +   a - +1 hand axe (chop)
rCold    . . .     Gourm    .   (no shield)
rNeg     . . .     Faith    .   f - -1 chain mail (curse)
rPois    +         Spirit   .   (helmet unavailable)
rElec    .         Reflect  .   j - +0 cloak (curse)
rCorr    .         Harm     .   h - +0 pair of gloves
MR       .....                  x - +0 pair of boots
Stlth    ..........             (no amulet)
HPRegen  0.20/turn              K - ring of poison resistance
MPRegen  0.11/turn              (no ring)

@: brilliant, drained
A: permanent stasis, dig shafts and tunnels, four strong arms, antennae 3
a: Dig, Shaft Self


You were on level 6 of the Dungeon.
You were not hungry.

You visited 1 branch of the dungeon, and saw 7 of its levels.

You collected 228 gold pieces.

Inventory:

Hand Weapons
 a - a +1 hand axe of chopping (weapon)
 D - the +4 mace "Fer Fowe" {drain, *Noise rElec Dex+3}
   (You found it on level 4 of the Dungeon)

   A truly terrible weapon, it drains the life of those it strikes.
   It affects your dexterity (+3).
   It insulates you from electricity.
   It may make noises in combat.
 G - a +0 spear of flaming
 L - a +0 shortbow
 M - a +0 shortbow of freezing
Missiles
 g - 59 bolts
 n - 84 arrows
 B - 4 tomahawks (quivered)
 I - 12 poisoned needles
 N - 6 javelins
Armour
 f - a cursed -1 chain mail (worn)
 h - a +0 pair of gloves (worn)
 j - a cursed +0 cloak (worn)
 r - a +3 scale mail
 x - a +0 pair of boots (worn)
 H - a +0 shield
Jewellery
 K - a ring of poison resistance (left hand)
Wands
 o - a wand of random effects (25)
 y - a wand of flame (34)
 C - a wand of paralysis (11)
 E - a wand of polymorph (10)
Scrolls
 d - 3 scrolls of remove curse {unknown}
 e - 2 scrolls of fog {unknown}
 k - a scroll of amnesia {unknown}
 m - a scroll of random uselessness {unknown}
 p - 2 scrolls of teleportation {unknown}
 s - 2 scrolls of blinking {unknown}
 t - 4 scrolls of identify {unknown}
 u - 3 scrolls of magic mapping {unknown}
 v - a scroll of noise {unknown}
 w - a scroll of fear {unknown}
 z - 3 scrolls of enchant weapon {unknown}
 A - a scroll of immolation {unknown}
Potions
 i - 2 potions of brilliance
 q - a potion of lignification {unknown}
 J - a potion of curing {unknown}
Comestibles
 c - 11 rations


   Skills:
 + Level 3.5(2.6) Fighting
 + Level 12.4(11.3) Axes
 + Level 1.0(0.1) Armour
 - Level 2.6(1.7) Dodging
 - Level 2.4(1.5) Stealth
 + Level 1.0(0.2) Shields


You had 8 spell levels left.
You didn't know any spells.
Your spell library was empty.

Dungeon Overview and Level Annotations

Branches:
Dungeon (7/15)
 Temple: D:4-7

Altars:
Fedhas
Kikubaaqudgha
Makhleb
Xom

Shops:
D:4 [

Annotations:
D:6 Joseph


Innate Abilities, Weirdness & Mutations

You cannot be hasted, slowed, berserked, paralysed or teleported.
You can dig through walls and to a lower floor.
Your four strong arms can wield two-handed weapons with a shield.
You have a pair of large antennae on your head. (SInv)


Message History

Joseph hits you with a quarterstaff of pain!
* * * LOW HITPOINT WARNING * * *
You writhe in agony.
* * * LOW HITPOINT WARNING * * *
You closely miss Joseph.
Joseph is severely wounded.
Joseph hits you with a quarterstaff of pain!
* * * LOW HITPOINT WARNING * * *
You writhe in agony.
* * * LOW HITPOINT WARNING * * *
It was a potion of brilliance.
You feel clever all of a sudden.
It was a potion of degeneration.
There was something very wrong with that liquid.
You feel weakened.
You feel dopey.
You feel clumsy. Joseph hits you but does no damage.
It was a potion of haste.
Your stasis prevents you from being hasted.
Joseph hits you with a quarterstaff of pain!
You die...

#.# #.###..##.# #.#
#.#.......# #.# ##.#.#.##.##
#.# #..#.#.##.# #.#
#.##.#.##.# #.# #.#.......#
#.# ##.........#
#.#######...)......#
##########...@@.............#
#........[...#####..........#
#.####..........)[[.........#
#.# #..####.########.......#
###.####..####.# ####.####
.............#.# #.#
#.#......###.#.## #.#
#.#..##### #..#.##########.#
.....# #.###........(..#


You could see Joseph.

Vanquished Creatures
  Pikel (D:4)
  Eustachio (D:4)
  A steam dragon (D:5)
  A sky beast (D:5)
  An ice beast (D:5)
  An ogre (D:4)
  A phantom (D:4)
  2 centaurs
  A bullfrog (D:6)
  A gnoll sergeant (D:4)
  A scorpion (D:5)
  2 killer bees (D:6)
  3 wights (D:6)
  A crimson imp (D:5)
  4 orc priests
  2 orc wizards
  A bullfrog skeleton (D:6)
  2 centaur skeletons
  2 iguanas (D:6)
  Natasha (thrice) (D:2)
  3 worker ants
  A hound zombie (D:5)
  Robin (D:4)
  A worker ant zombie (D:6)
  14 gnolls
  7 adders
  A shadow imp (D:5)
  An adder skeleton (D:6)
  2 worms (D:2)
  2 dart slugs
  3 leopard geckos
  24 orcs
  6 bats
  5 giant cockroaches
  18 goblins
  10 hobgoblins
  5 kobolds
  4 quokkas
  2 ball pythons
  5 frilled lizards
  A leopard gecko zombie (D:6)
  A quokka skeleton (D:5)
  5 rats
154 creatures vanquished.

Notes
Turn   | Place    | Note
-------+----------+-------------------------------------------
     0 | D:1      | mopl the Formicid Monk began the quest for the Orb.
     0 | D:1      | Reached XP level 1. HP: 18/18 MP: 1/1
   116 | D:1      | Reached XP level 2. HP: 24/24 MP: 2/2
   695 | D:1      | Reached skill level 4 in Axes
   695 | D:1      | Reached XP level 3. HP: 28/29 MP: 3/3
   764 | D:2      | Found a blossoming altar of Fedhas.
   836 | D:2      | Reached XP level 4. HP: 11/35 MP: 4/4
  1253 | D:2      | Reached skill level 5 in Axes
  1586 | D:2      | Reached XP level 5. HP: 37/41 MP: 5/5
  1632 | D:2      | Noticed Natasha
  1651 | D:2      | Killed Natasha
  1768 | D:2      | Found a faded altar of an unknown god.
  1837 | D:2      | Noticed Natasha
  1856 | D:2      | Killed Natasha
  1908 | D:2      | Noticed Natasha
  1922 | D:2      | Killed Natasha
  1922 | D:2      | Reached skill level 6 in Axes
  2269 | D:2      | Reached XP level 6. HP: 42/47 MP: 6/6
  3090 | D:4      | Noticed Robin
  3118 | D:4      | Killed Robin
  3160 | D:4      | Noticed a phantom
  3190 | D:4      | Killed a phantom
  3190 | D:4      | Reached skill level 7 in Axes
  3190 | D:4      | Reached XP level 7. HP: 28/52 MP: 7/7
  3440 | D:4      | Found Yhonweci's Armour Shop.
  3524 | D:4      | Noticed Eustachio
  3577 | D:4      | Killed Eustachio
  3577 | D:4      | Reached skill level 8 in Axes
  3800 | D:4      | Noticed Pikel
  3822 | D:4      | Got a shimmering mace
  3823 | D:4      | Identified the +4 mace "Fer Fowe" {drain, *Noise rElec
                  | Dex+3} (You found it on level 4 of the Dungeon)
  3842 | D:4      | Killed Pikel
  3842 | D:4      | Reached skill level 10 in Axes
  3842 | D:4      | Reached XP level 8. HP: 53/58 MP: 8/8
  4420 | D:5      | Entered Level 5 of the Dungeon
  4522 | D:5      | Found a shimmering altar of Xom.
  4523 | D:5      | Found a burning altar of Makhleb.
  4817 | D:5      | Reached skill level 11 in Axes
  4817 | D:5      | Reached XP level 9. HP: 26/64 MP: 9/9
  5251 | D:5      | Found an ancient bone altar of Kikubaaqudgha.
  6306 | D:6      | Reached skill level 12 in Axes
  7269 | D:6      | Reached skill level 1 in Armour
  7269 | D:6      | Reached skill level 1 in Shields
  7381 | D:7      | Noticed Joseph
  7398 | D:6      | HP: 2/64 [Joseph/quarterstaff of pain (10)]
  7401 | D:6      | Mangled by Joseph

Vault maps used:
D:1:      onia_arrival_mini_spirals, hangedman_feature_mirror,
          hangedman_abyss_or_decor_stabs, solitary_fountain
D:2:      old_standard_altar, chequers_ecumenical_altar_simple_redux,
          serial_forest, infiniplex_forest_lined_4_way,
          infiniplex_forest_lined_2, infiniplex_forest_straight_3,
          infiniplex_forest_lined_3_way, infiniplex_forest_corner_1,
          infiniplex_forest_clump_diagonal, dk_noncrumbling_3, uniq_natasha
D:4:      serial_shops, shop, lightli_minifort, uniq_eustachio, uniq_pikel,
          uniq_robin
D:5:      grunt_temple_overflow_champion_of_chaos, kiku_gazebo_garden_becter,
          first_ration, grunt_ministairs_14, st_stairs_14
D:7:      lemuel_crystal_altar, temple_fountains, serial_shops,
          nicolae_shop_trees, the_bakery, uniq_prince_ribbit1, uniq_joseph

Skill      XL: |  1  2  3  4  5  6  7  8  9 |
---------------+----------------------------+-----
Axes           | 4 5 6 7 10 11 12 | 12.4
Armour         | 1 |  1.0
Shields        | 1 |  1.0
Fighting       | |  3.5
Dodging        | |  2.6
Stealth        | |  2.4

Action                   |  1- 3 |  4- 6 |  7- 9 || total
-------------------------+-------+-------+-------++-------
Melee: Hand axe          |    89 |   273 |   293 ||   655
       Mace              |       |       |   131 ||   131
Throw: Throwing net      |       |       |     1 ||     1
 Abil: Dig               |       |     3 |     3 ||     6
  Use: Potion            |       |       |     3 ||     3
 Stab: Sleeping          |     1 |       |       ||     1
       Held in net/web   |       |       |     2 ||     2
  Eat: Chunk             |       |     8 |    14 ||    22
Armor: Chain mail        |    46 |   144 |   185 ||   375
Dodge: Dodged            |    50 |   102 |   149 ||   301

Table legend:
 A = Non-vault XP
 B = Vault XP
 C = Vault XP percentage of total XP
 D = Non-vault monster count
 E = Vault monster count
 F = Vault count percentage of total count
                 A         B        C        D         E       F
            +---------+---------+-------+---------+---------+-------
      Total |    2286 |    1297 |  36.2 |     129 |      25 |  16.2
            +---------+---------+-------+---------+---------+-------
        D:1 |      30 |       3 |   9.1 |      14 |       2 |  12.5
        D:2 |     228 |      35 |  13.3 |      27 |       1 |   3.6
        D:3 |      80 |       0 |   0.0 |      27 |       0 |   0.0
        D:4 |     385 |    1025 |  72.7 |      13 |      18 |  58.1
        D:5 |     725 |     234 |  24.4 |      22 |       4 |  15.4
        D:6 |     838 |       0 |   0.0 |      26 |       0 |   0.0
            +---------+---------+-------+---------+---------+-------
